 Dungeon Sprint DCSS version 0.27-a0-1232-gc6a4cbde82 (webtiles) character file.

Game seed: 11410554728953058581

11961 rocky1 the Metallomancer (level 11, -32/62 HPs)
             Began as a Gargoyle Earth Elementalist on June 9, 2021.
             Was the Champion of Sif Muna.
             Annihilated by Rupert
             ... wielding a +2 great mace of protection
              (42 damage)
             ... while paralysed by Rupert
             ... in the Dungeon (Sprint III: "The Ten Rune Challenge").
             The game lasted 00:25:47 (3699 turns).

rocky1 the Metallomancer (GrEE)                     Turns: 3699, Time: 00:25:48

Health: -32/62     AC: 11    Str: 12    XL:     11   Next: 85%
Magic:  16/30      EV:  2    Int: 19    God:    Sif Muna [******]
Gold:   3164       SH:  0    Dex: 10    Spells: 15/40 levels left

rFire    . . .     SeeInvis .   u - +3 quarterstaff (freeze)
rCold    . . .     Faith    .   (shield currently unavailable)
rNeg     + . .     Spirit   .   f - +0 leather armour
rPois    ∞         Reflect  .   (no helmet)
rElec    +         Harm     .   (no cloak)
rCorr    .         Rampage  .   (no gloves)
Will     .....     NoTele   +   (no boots)
Stlth    ++........             (no amulet)
HPRegen  0.20/turn              (no ring)
MPRegen  0.22/turn              (no ring)

@: paralysed
A: sickness immunity, AC +8, negative energy resistance 1, electricity
resistance, torment resistance 1, petrification resistance
a: Renounce Religion, Channel Magic, Forget Spell, Divine Exegesis


You were in the Dungeon.
You worshipped Sif Muna.
Sif Muna was exalted by your worship.
You visited 1 branch You collected 3164 gold pieces.

Inventory:

Hand Weapons
 p - a +1 long sword of holy wrath
 t - a +2 dire flail of draining
 u - a +3 quarterstaff of freezing (weapon)
Missiles
 r - 7 curare-tipped darts
Armour
 f - a +0 leather armour (worn)
Wands
 a - a wand of flame (17)
Scrolls
 i - a scroll of blinking
 j - a scroll of holy word
Potions
 d - a potion of curing
 e - 3 potions of mutation {unknown}
 g - 3 potions of magic
 h - 2 potions of berserk rage
 l - a potion of invisibility {unknown}
 n - a potion of flight {unknown}
 o - a potion of heal wounds
 q - a potion of might


   Skills:
 + Level 4.3 Fighting
 - Level 1.5 Dodging
 - Level 2.1 Stealth
 + Level 15.4 Spellcasting
 + Level 4.4 Conjurations
 + Level 2.8 Translocations
 - Level 0.7 Transmutations
 + Level 4.1 Fire Magic
 + Level 21.0 Earth Magic
 + Level 12.1 Invocations


You had 15 spell levels left.
You knew the following spells:

 Your Spells              Type           Power      Damage    Failure   Level
a - Sandblast             Erth           100%       2d20      0%          1
b - Stone Arrow           Conj/Erth      100%       3d13      1%          3
c - Lee's Rapid Deconstr  Erth           38%        3d20*     1%          5
d - Fire Storm            Conj/Fire      15%        8d4       100%        9
e - Blink                 Tloc           N/A        N/A       2%          2
f - Bolt of Magma         Conj/Fire/Erth 25%        4d12      2%          5

Your spell library contained the following spells:

 Spells                   Type           Power      Damage    Failure   Level
 Foxfire                  Conj/Fire      100%       2x1d9     1%          1
 Passwall                 Tmut/Erth      45%        N/A       1%          2
 Petrify                  Tmut/Erth      54%        N/A       1%          4
 Borgnjor's Vile Clutch   Necr/Erth      26%        N/A       1%          5
 Conjure Flame            Conj/Fire      31%        6-21      2%          3
 Beastly Appendage        Tmut           34%        N/A       4%          1
 Sting                    Tmut/Pois      64%        1d6       4%          1
 Animate Skeleton         Necr           28%        N/A       5%          1
 Freeze                   Ice            56%        1d7       5%          1
 Pain                     Necr           56%        1d6       5%          1
 Wereblood                Tmut           17%        N/A       6%          2
 Inner Flame              Hex/Fire       22%        N/A       7%          3
 Ensorcelled Hibernation  Hex/Ice        28%        N/A       9%          2
 Ignite Poison            Fire/Tmut/Pois 20%        N/A       9%          3
 Mephitic Cloud           Conj/Pois/Air  20%        N/A       9%          3
 Iskenderun's Mystic Bla  Conj/Tloc      28%        2d7       12%         4
 Spider Form              Tmut/Pois      8%         N/A       14%         3
 Summon Guardian Golem    Hex/Summ       14%        N/A       16%         3
 Vampiric Draining        Necr           7%         2d7       16%         3
 Fulminant Prism          Conj/Hex       11%        3d9       22%         4
 Hailstorm                Conj/Ice       23%        3d7       22%         4
 Ice Form                 Ice/Tmut       16%        N/A       43%         4
 Irradiate                Conj/Tmut      12%        3d18      45%         5
 Animate Dead             Necr           7%         N/A       47%         4
 Dispel Undead            Necr           14%        3d10      47%         4
 Summon Ice Beast         Ice/Summ       14%        N/A       47%         4
 Hydra Form               Tmut           8%         N/A       73%         5
 Alistair's Intoxication  Tmut/Pois      10%        N/A       78%         5
 Starburst                Conj/Fire      15%        8x6d6     80%         6
 Agony                    Necr           14%        N/A       83%         5
 Lehudib's Crystal Spear  Conj/Erth      29%        10d8      88%         8
 Simulacrum               Ice/Necr       7%         N/A       100%        6
 Monstrous Menagerie      Summ           7%         N/A       100%        7
 Spellforged Servitor     Conj/Summ      11%        N/A       100%        7
 Summon Hydra             Summ           7%         N/A       100%        7
 Borgnjor's Revivificati  Necr           7%         N/A       100%        8
 Ignition                 Fire           15%        3d6       100%        8
 Necromutation            Tmut/Necr      8%         N/A       100%        8


Dungeon Overview and Level Annotations

Branches:
Dungeon (1/1)

Altars:
Cheibriados
Dithmenos
Elyvilon
Fedhas
Gozag
Hepliaklqana
Kikubaaqudgha
Makhleb
Nemelex Xobeh
Okawaru
Qazlal
Ru
Sif Muna
Trog
Uskayaw
Vehumet
Wu Jian
Xom
Yredelemnul
Zin
The Shining One
Beogh
Jiyva
Lugonu

Shops:
D :

Annotations:
D Rupert


Innate Abilities, Weirdness & Mutations

You are immune to sickness and miasma.
Your stone body is resilient. (AC +8)
You are immune to poison.
You resist negative energy. (rN+)
You are resistant to electric shocks. (rElec)
You are resistant to unholy torment.
You are immune to petrification.


Message History

Rupert the Wild comes into view.
He is wielding a +2 great mace of protection and wearing a +3 scale mail of cold resistance.
There is an open door here.
Casting: Stone Arrow (safe; 1% risk of failure)
Confirm with . or Enter, or press ? or * to list all spells.
Okay, then.
Casting: Stone Arrow (safe; 1% risk of failure)
Confirm with . or Enter, or press ? or * to list all spells.
Aiming: Lee's Rapid Deconstruction (safe; 1% risk of failure)
Press: ? - help, Dir - move target A rock wall.
The wall shatters!
The blast of rock fragments hits Rupert but does no damage.
Casting: Lee's Rapid Deconstruction (safe; 1% risk of failure)
Confirm with . or Enter, or press ? or * to list all spells.
Aiming: Lee's Rapid Deconstruction (safe; 1% risk of failure)
Press: ? - help, Dir - move target A rock wall.
The wall shatters!
The blast of rock fragments hits Rupert!!
Rupert is moderately wounded.
Casting: Lee's Rapid Deconstruction (safe; 1% risk of failure)
Confirm with . or Enter, or press ? or * to list all spells.
Aiming: Lee's Rapid Deconstruction (safe; 1% risk of failure)
Press: ? - help, Dir - move target A rock wall.
The wall shatters!
The blast of rock fragments hits Rupert!!!
Rupert is heavily wounded.
Rupert roars wildly at you.
You suddenly lose the ability to move!
Rupert completely misses you.
Rupert roars madly and goes into a rage!
Rupert goes berserk!
Rupert hits you with a +2 great mace of protection!
Rupert hits you with a +2 great mace of protection!!!
Ouch! That really hurt!
* * * LOW HITPOINT WARNING * * *
Rupert hits you with a +2 great mace of protection!!!
Ouch! That really hurt!
You die...

▓'#####...........#...#__#
▓.................#___#__'
▓▓▓▓▓▓▓▓▓▓▓▓▓▓▓▓▓▓▓▓▓▓▓▓▓▓
+≈≈≈≈≈≈§≈≈♣♣.........
#.≈≈§§§≈≈≈♣♣.≈≈≈≈+..'
#≈≈§§§§§≈≈†'††...#÷≈.
#.≈≈§§§§≈≈♣♣♣♣♣♣♣#...
#≈≈§≈≈§≈≈≈♣ ###+
####@######
........@......
#+#############


You could see Rupert (berserk).

Vanquished Creatures
  Harold (D)
  Erolcha (D)
  4 orc high priests (D)
  Joseph (D)
  A deep elf pyromancer (D)
  An orc knight (D)
  2 cane toads (D)
  A komodo dragon (D)
  A rime drake (D)
  3 wandering mushrooms (D)
  A queen bee (D)
  5 blink frogs (D)
  A shadow (D)
  2 redbacks (D)
  A spatial vortex (D)
  A swamp drake (D)
  An orc warrior (D)
  A necrophage (D)
  5 two-headed ogres (D)
  A water elemental (D)
  32 killer bees (D)
  6 orc priests (D)
  A jelly (D)
  A wizard (D)
  Jessica (D)
  An orc wizard (D)
  A necromancer (D)
  A kobold demonologist (D)
  3 humans (D)
  A wolf (D)
  9 orcs (D)
  2 endoplasms (D)
  A rat (D)
95 creatures vanquished.

Vanquished Creatures (others)
  A fire vortex (D)
  5 plants (D)
6 creatures vanquished.

Grand Total: 101 creatures vanquished

Notes
Turn   | Place    | Note
-------+----------+-------------------------------------------
     0 | D        | rocky1 the Gargoyle Earth Elementalist began the quest for
                  | the Orb.
     0 | D        | Reached XP level 1. HP: 10/10 MP: 3/3
    12 | D        | Reached skill level 4 in Earth Magic
    13 | D        | Reached skill level 5 in Earth Magic
   268 | D        | Noticed Jessica
   270 | D        | Killed Jessica
   271 | D        | Reached skill level 8 in Earth Magic
   271 | D        | Reached XP level 2. HP: 15/15 MP: 1/5
   271 | D        | Reached XP level 3. HP: 19/19 MP: 1/6
   346 | D        | Reached skill level 9 in Earth Magic
   357 | D        | Reached XP level 4. HP: 23/24 MP: 0/7
   438 | D        | Noticed a water elemental
   441 | D        | Killed a water elemental
   442 | D        | Reached skill level 11 in Earth Magic
   442 | D        | Reached XP level 5. HP: 15/28 MP: 4/8
   587 | D        | Learned a level 5 spell: Lee's Rapid Deconstruction
   596 | D        | Found a radiant altar of Vehumet.
   596 | D        | Found a shimmering blue altar of Sif Muna.
   596 | D        | Found an ancient bone altar of Kikubaaqudgha.
   599 | D        | Reached skill level 12 in Earth Magic
   615 | D        | Learned a level 3 spell: Stone Arrow
   640 | D        | Became a worshipper of Sif Muna the Loreminder
   651 | D        | Found a glowing silver altar of Zin.
   651 | D        | Found a glowing golden altar of the Shining One.
   651 | D        | Found a white marble altar of Elyvilon.
   652 | D        | Noticed a deep elf pyromancer
   654 | D        | Killed a deep elf pyromancer
   655 | D        | Reached skill level 14 in Earth Magic
   655 | D        | Reached XP level 6. HP: 32/32 MP: 4/17
   655 | D        | Reached XP level 7. HP: 36/36 MP: 4/18
   749 | D        | Found a hide-covered altar of Uskayaw.
   749 | D        | Found an iron altar of Okawaru.
   749 | D        | Found a bloodstained altar of Trog.
   749 | D        | Found an ornate altar of the Wu Jian Council.
   749 | D        | Noticed a human
   749 | D        | Noticed a human
   751 | D        | Killed a human
   751 | D        | Killed a human
   751 | D        | Reached * piety under Sif Muna
   752 | D        | Reached skill level 15 in Earth Magic
   752 | D        | Reached XP level 8. HP: 41/41 MP: 8/21
   827 | D        | Found a basalt altar of Yredelemnul.
   827 | D        | Found a shadowy altar of Dithmenos.
   827 | D        | Found a sacrificial altar of Ru.
   840 | D        | Reached ** piety under Sif Muna
   840 | D        | Noticed a shadow
   843 | D        | Killed a shadow
   844 | D        | Reached skill level 16 in Earth Magic
   951 | D        | Found a blossoming altar of Fedhas.
   951 | D        | Found a stormy altar of Qazlal.
   951 | D        | Found a snail-covered altar of Cheibriados.
   951 | D        | Found a burning altar of Makhleb.
   951 | D        | Found a shimmering altar of Xom.
   952 | D        | Found a hazy altar of Hepliaklqana.
   952 | D        | Found an opulent altar of Gozag.
   952 | D        | Found a sparkling altar of Nemelex Xobeh.
   952 | D        | Found a corrupted altar of Lugonu.
   952 | D        | Found a viscous altar of Jiyva.
   956 | D        | Reached skill level 10 in Spellcasting
  1049 | D        | Reached *** piety under Sif Muna
  1050 | D        | Reached skill level 5 in Invocations
  1073 | D        | Noticed a two-headed ogre
  1077 | D        | Killed a two-headed ogre
  1078 | D        | Reached skill level 17 in Earth Magic
  1078 | D        | Reached XP level 9. HP: 45/45 MP: 5/23
  1249 | D        | Noticed Erolcha
  1250 | D        | Noticed a two-headed ogre
  1254 | D        | Killed a two-headed ogre
  1256 | D        | Killed Erolcha
  1257 | D        | Reached skill level 18 in Earth Magic
  1386 | D        | Reached **** piety under Sif Muna
  1573 | D        | Noticed Harold
  1573 | D        | Noticed Joseph
  1579 | D        | Killed Harold
  1580 | D        | Reached skill level 19 in Earth Magic
  1580 | D        | Reached XP level 10. HP: 39/50 MP: 1/27
  1580 | D        | Killed Joseph
  1742 | D        | Noticed an orc high priest
  1744 | D        | Noticed an orc high priest
  1750 | D        | Reached ***** piety under Sif Muna
  1752 | D        | Killed an orc high priest
  1752 | D        | Identified Sif Muna's Guide on Burning Darkness (Sif Muna
                  | gifted it to you in the Dungeon)
  1752 | D        | Received a gift from Sif Muna
  1753 | D        | Killed an orc high priest
  1753 | D        | Noticed an orc knight
  1754 | D        | Reached skill level 20 in Earth Magic
  1754 | D        | Reached skill level 10 in Invocations
  1758 | D        | Killed an orc knight
  1758 | D        | Noticed an orc high priest
  1759 | D        | Reached XP level 11. HP: 16/54 MP: 17/29
  1761 | D        | Noticed a sun demon
  1761 | D        | Identified Sif Muna's Papyrus of Glacial Shape Shifting
                  | (Sif Muna gifted it to you in the Dungeon)
  1761 | D        | Received a gift from Sif Muna
  1761 | D        | Killed an orc high priest
  1773 | D        | Found Kyridwa's Book Shop.
  2027 | D        | Received a gift from Sif Muna
  2048 | D        | Identified Sif Muna's Handbook of Torrid Darkness (Sif Muna
                  | gifted it to you in the Dungeon)
  2048 | D        | Received a gift from Sif Muna
  2062 | D        | Reached ****** piety under Sif Muna
  2077 | D        | Identified Sif Muna's Tome of Creation and Displacement
                  | (Sif Muna gifted it to you in the Dungeon)
  2077 | D        | Received a gift from Sif Muna
  2126 | D        | Reached skill level 15 in Spellcasting
  2284 | D        | Reached skill level 21 in Earth Magic
  2331 | D        | Learned a level 9 spell: Fire Storm
  2334 | D        | Learned a level 2 spell: Blink
  2355 | D        | Identified Fiowkumi's Papyrus of the Arsonist and
                  | Transformation (Sif Muna gifted it to you in the Dungeon)
  2355 | D        | Received a gift from Sif Muna
  2520 | D        | Learned a level 5 spell: Bolt of Magma
  2564 | D        | Noticed a yaktaur captain
  2579 | D        | Reached skill level 1 in Fighting
  2579 | D        | Reached skill level 1 in Conjurations
  2579 | D        | Reached skill level 1 in Fire Magic
  3167 | D        | Identified Sif Muna's Volume of the Excruciating Arsonist
                  | (Sif Muna gifted it to you in the Dungeon)
  3167 | D        | Received a gift from Sif Muna
  3168 | D        | Reached skill level 1 in Translocations
  3508 | D        | Identified Sif Muna's Grimoire of Confrontation (Sif Muna
                  | gifted it to you in the Dungeon)
  3508 | D        | Received a gift from Sif Muna
  3691 | D        | Noticed Rupert
  3694 | D        | Paralysed by Rupert for 7 turns
  3699 | D        | Annihilated by Rupert

Illustrated notes

Levels and vault maps discovered:
D:        dungeon_sprint_mu [sprint_mu_entry_forest, sprint_mu_temple_rooms,
          sprint_mu_d1_spiders, sprint_mu_d2_genie, sprint_mu_d3_branching,
          sprint_mu_orc_legion, sprint_mu_elf_gauntlet, sprint_mu_hive_nellie,
          sprint_mu_lair_fedhas, sprint_mu_vaults_butterflies,
          sprint_mu_slime_circle, sprint_mu_shoals_kraken,
          sprint_mu_snake_twists, sprint_mu_blade_basic, sprint_mu_crypt_lich,
          sprint_mu_tomb_spiral, sprint_mu_vestibule_basic,
          sprint_mu_gehenna_hellfire, sprint_mu_dis_giant,
          sprint_mu_tartarus_statrot, sprint_mu_cocytus_islands, sprint_mu_zot1]

Skill      XL: |  1  2  3  4  5  6  7  8  9 10 11 |
---------------+----------------------------------+-----
Earth Magic    | 8 9 11 14 15 17 19 20 21 | 21.0
Spellcasting   | 8 9 10 13 14 15 | 15.4
Invocations    | 3 5 9 10 12 | 12.1
Fighting       | 4 |  4.3
Conjurations   | 4 |  4.4
Fire Magic     | 4 |  4.1
Translocations | 2 |  2.8
Dodging        | |  1.5
Stealth        | |  2.1
Transmutations | |  0.7

Action                   |  1- 3 |  4- 6 |  7- 9 | 10-12 || total
-------------------------+-------+-------+-------+-------++-------
Melee: Unarmed           |     6 |       |       |       ||     6
       Dagger            |       |     1 |       |       ||     1
       Quarterstaff      |       |       |       |    30 ||    30
 Cast: Sandblast         |    11 |     6 |     4 |     9 ||    30
       Lee's Rapid Decon |       |     1 |    27 |    35 ||    63
       Stone Arrow       |       |       |       |    36 ||    36
       Fire Storm        |       |       |       |     1 ||     1
Invok: Channel Magic     |       |       |     1 |     6 ||     7
       Divine Exegesis   |       |       |       |     1 ||     1
  Use: Potion            |     1 |       |       |     1 ||     2
       Scroll            |       |       |       |     3 ||     3
 Stab: Sleeping          |     1 |       |       |       ||     1
Armor: Robe              |     5 |       |       |    22 ||    27
       Leather armour    |       |       |       |     3 ||     3
Dodge: Dodged            |     6 |     2 |     1 |    43 ||    52

Table legend: (Time is in decaauts)
 A = Elapsed time spent in this place.
 B = Non-inter-level travel time spent in this place.
 C = Inter-level travel time spent in this place.
 D = Time resting spent in this place.
 E = Time spent auto-exploring this place.
 F = Levels seen in this place.
 G = Mean time per level.
                   A        B        C        D        E       F      G
               +--------+--------+--------+--------+--------+-----+--------+
         Total |   3714 |   3617 |     97 |   2796 |      0 |   1 | 3714.0 |
       Dungeon |   3714 |   3617 |     97 |   2796 |      0 |   1 | 3714.0 |
               +--------+--------+--------+--------+--------+-----+--------+

Top non-repeatable levels by time:
       D: 3714 daAuts
